 Seeded DCSS version 0.29.1-15-g9cfb28693d (webtiles) character file.

Game seed: 64003 (custom seed)

16 valliere the Insei (level 2, -1/18 HPs)
             Began as an Octopode Transmuter on Apr 6, 2023.
             Slain by a kobold
             ... wielding a +2 vampiric short sword
              (5 damage)
             ... on level 1 of the Dungeon.
             The game lasted 00:01:52 (1558 turns).

valliere the Insei (Octopode Transmuter)            Turns: 1558, Time: 00:01:53

Health: -1/18      AC:  1    Str:  9    XL:     2   Next: 58%
Magic:  4/5        EV: 13    Int: 15    God:
Gold:   46         SH:  0    Dex: 12    Spells: 4/5 levels left

rFire   . . .      SeeInvis .     - Unarmed
rCold   . . .      Faith    .   (no shield)
rNeg    . . .      Spirit   .   (helmet currently unavailable)
rPois   .          Reflect  .   (no amulet)
rElec   .          Harm     .   (no ring)
rCorr   .          Rampage  .   (no ring)
Will    .....                   (no ring)
Stlth   ++........              (no ring)
HPRegen 0.06/turn               (no ring)
MPRegen 0.09/turn               (no ring)
                                (no ring)
                                (no ring)

@: appendages
A: tentacle spike 3, almost no armour, amphibious, 8 rings, camouflage 1,
gelatinous body 1, (nimble swimmer 1), tentacles
a: End Transformation


You were on level 1 of the Dungeon.
One of your tentacles had grown a beastly spike.
You visited 1 branch of the dungeon, and saw 2 of its levels.

You collected 46 gold pieces.

Inventory:

Scrolls
 c - a scroll of enchant armour {unknown}
 e - 2 scrolls of blinking {unknown}
Potions
 a - a potion of lignification
 b - 2 potions of degeneration {unknown}
 d - a potion of haste {unknown}


   Skills:
 + Level 1.1 Fighting
 * Level 2.3 Dodging
 + Level 0.8 Stealth
 + Level 3.1 Unarmed Combat
 + Level 2.1 Spellcasting
 * Level 2.2 Transmutations


You had 4 spell levels left.
You knew the following spells:

 Your Spells              Type           Power      Damage    Failure   Level
a - Beastly Appendage     Tmut           16%        N/A       9%          1

Your spell library contained the following spells:

 Spells                   Type           Power      Damage    Failure   Level
 Wereblood                Tmut           8%         N/A       13%         2
 Spider Form              Tmut/Pois      5%         N/A       38%         3
 Ice Form                 Ice/Tmut       5%         N/A       80%         4


Dungeon Overview and Level Annotations

Branches:
Dungeon (2/15)

Altars:


Innate Abilities, Weirdness & Mutations

One of your tentacles has grown a beastly spike.
You cannot wear most types of armour.
You are amphibious.
You can wear up to eight rings at the same time.
Your skin changes colour to match your surroundings (Stealth+).
Your rubbery body absorbs attacks. (AC +1, EV +1)
((You are camouflaged when in or above water. (Stealth+)))
You have tentacles for arms and can constrict up to eight enemies at once.


Message History

You see here a quokka corpse.
A rat is nearby!
A rat is nearby!
One of your tentacles grows a vicious spike.
The rat bites you.
You tentacle-slap the rat.
You kill the rat!
No target in view!
Your transformation is almost over.
Your tentacle spike disappears.
There is an open door here.
There is an open door here.
There is an open door here.
Done exploring.
Done exploring.
Done exploring.
You open the door.
There is an open door here.
There is an open door here.
You open the door.
There is an open door here.
There is a stone staircase leading down here.
You climb downwards.
The endoplasm quivers.
Found three items.
There is a stone staircase leading up here.
One of your tentacles grows a vicious spike.
The endoplasm quivers.
The kobold shouts!
The kobold hits you with a +2 vampiric short sword.
The endoplasm freezes you.
You are frozen.
The kobold hits you with a +2 vampiric short sword!
* * * LOW HITPOINT WARNING * * *
The endoplasm completely misses you.
You climb upwards.
There is a stone staircase leading down here.
You open the door.
The kobold hits you with a +2 vampiric short sword.
You die...

#.##.# #...## ####.##....
..##.########....######.....###.#
......................#.###.#####
........................# #...###
~~≈~~~~~≈~≈~≈≈~~~≈~~~...###.#.##.
≈≈≈≈≈≈~≈~≈~≈≈≈≈≈≈≈≈≈~............
≈≈≈≈≈≈≈≈≈≈≈≈≈≈≈≈≈≈≈≈~............
≈#'#'#≈≈≈≈≈≈≈#+#'#≈~≈.......#.#..
≈'...##+###'##.K@+≈≈~.........#..
≈'...'....(..'..J+≈≈~.........#.#
≈#'###.#####.###'#≈≈~...#..#.##.#
≈≈≈#...#...#...+≈≈≈≈~...#.......#
≈~≈'.⌠.'...###.#≈≈≈≈≈...#..#.##.#
~~~'.⌠.'.<.###.#≈≈≈≈~........##.#
≈≈≈#...#...#...'≈≈≈≈≈.....##.....
≈#+#+#.#####.###'#≈≈~...#.#####..
≈'...#.......#...+≈≈~...#.#####..


You could see an endoplasm and a kobold.

Vanquished Creatures
  A bat (D:1)
  2 endoplasms (D:1)
  A hobgoblin (D:1)
  A kobold (D:1)
  2 quokkas (D:1)
  A ball python (D:1)
  4 frilled lizards (D:1)
  3 goblins (D:1)
  A rat (D:1)
16 creatures vanquished.

Notes
Turn   | Place    | Note
-------+----------+-------------------------------------------
     0 | D:1      | valliere the Octopode Transmuter began the quest for the
                  | Orb.
     0 | D:1      | Reached XP level 1. HP: 13/13 MP: 3/3
   733 | D:1      | Reached XP level 2. HP: 11/18 MP: 3/5
  1558 | D:1      | Slain by a kobold

Illustrated notes

Levels and vault maps discovered:
D:1:      dpeg_arrival_castle, layout_loops_cross
D:2:      layout_rooms

Action                   || total
-------------------------++-------
Melee: Unarmed           ||    35
       Kick              ||     6
       Constrict         ||     6
       Tentacles         ||     4
 Cast: Beastly Appendage ||    11
 Stab: Sleeping          ||     2
Armor: Skin              ||     3
Dodge: Dodged            ||    15
